 Dungeon Crawl Stone Soup version 0.30.0-5-g1a98f26d00 (webtiles) character file.

Game seed: 15316233404926434324

135 Foic the Shield-Bearer (level 4, -1/41 HPs)
             Began as a Minotaur Fighter on May 8, 2023.
             Was an Initiate of Trog.
             Slain by an ogre
             ... wielding a +0 giant club
              (15 damage)
             ... on level 4 of the Dungeon.
             The game lasted 00:13:04 (2493 turns).

Foic the Shield-Bearer (Minotaur Fighter)           Turns: 2493, Time: 00:13:04

Health: -1/41      AC:  9    Str: 29    XL:     4   Next: 97%
Magic:  3/3        EV:  8    Int:  5    God:    Trog [......]
Gold:   223        SH:  9    Dex:  9    Spells: 3/3 levels left

rFire   . . .        a - +0 trident
rCold   . . .        c - +0 buckler
rNeg    . . .        h - +0 chain mail
rPois   +            (helmet restricted)
rElec   .            (no cloak)
rCorr   .            (no gloves)
SInv    .            (no boots)
Will    .....        p - amulet of reflection Stlth
                     f - ring of poison resistance
HPRegen 0.26/turn    r - +6 ring of strength
MPRegen 0.08/turn

%: reflection
@: no status effects
A: horns 2, retaliatory headbutt
a: Renounce Religion


You were on level 4 of the Dungeon.
You worshipped Trog.
Trog was noncommittal.
You visited 2 branches of the dungeon, and saw 5 of its levels.

You collected 223 gold pieces.

Inventory:

Hand Weapons
 a - a +0 trident (weapon)
Missiles
 e - 15 stones (quivered)
 t - 6 poisoned darts
Armour
 b - a +0 scale mail
 c - a +0 buckler (worn)
 h - a +0 chain mail (worn)
Jewellery
 f - a ring of poison resistance (left hand)
 i - an amulet of magic regeneration
 p - an amulet of reflection (around neck)
 r - a +6 ring of strength (right hand)
Wands
 k - a wand of flame (33)
Scrolls
 j - 4 scrolls of identify {unknown}
 l - a scroll of fear {unknown}
 n - a scroll of silence {unknown}
 o - a scroll of teleportation {unknown}
 q - 2 scrolls of magic mapping {unknown}
 u - 2 scrolls of noise {unknown}
 v - 2 scrolls of fog {unknown}
 x - 3 scrolls of vulnerability {unknown}
Potions
 d - 3 potions of might
 g - 3 potions of attraction
 m - a potion of heal wounds
 s - 2 potions of curing
 w - a potion of brilliance {unknown}


   Skills:
 * Level 4.8 Fighting
 + Level 3.1 Polearms
 + Level 1.3 Throwing
 + Level 4.2 Armour
 * Level 4.8 Shields


You had 3 spell levels left.
You didn't know any spells.
Your spell library contained the following spells:

 Spells                   Type           Power      Damage    Failure   Level
 Necrotise                Necr           0%         1d4       95%         1
 Call Canine Familiar     Summ           0%         N/A       100%        3
 Portal Projectile        Hex/Tloc       0%         N/A       100%        3
 Vampiric Draining        Necr           0%         2d6       100%        3
 Leda's Liquefaction      Hex/Erth       0%         N/A       100%        4
 Agony                    Necr           0%         N/A       100%        5


Dungeon Overview and Level Annotations

Branches:
Dungeon (4/15)             Temple (1/1) D:4

Altars:
Ashenzari
Cheibriados
Dithmenos
Fedhas
Gozag
Hepliaklqana
Kikubaaqudgha
Makhleb
Nemelex Xobeh
Okawaru
Qazlal
Sif Muna
Trog
Uskayaw
Vehumet
Wu Jian
Xom
Yredelemnul
The Shining One


Innate Abilities, Weirdness & Mutations

You have a pair of horns on your head.
You reflexively headbutt those who attack you in melee.


Message History

The cerulean imp disappears in a puff of smoke!
You see here the felid corpse of Natasha.
You start resting.
HP restored.
You now have 223 gold pieces (gained 4).
You open the door.
Found a short sword.
Found a short sword.
There is an open door here.
You see here a +0 short sword.
x - 3 scrolls labelled COOTIUNAMO As you open the door, it creaks loudly!
An ogre comes into view. It is wielding a +0 giant club.
The ogre shouts!
Found a scroll labelled ZENYTWU CUETAE.
Reach: a) +0 trident
Press: ? - help, Dir - move target, f - ogre
Aim: an ogre, wielding a +0 giant club (about 28% to evade your +0 trident)
You reach to attack!
You hit the ogre but do no damage.
A worm comes into view.
You barely miss the ogre. You headbutt the ogre.
The ogre is lightly wounded.
You block the ogre's attack.
You barely miss the ogre.
The ogre is lightly wounded.
The ogre barely misses you.
You puncture the ogre!
The ogre is heavily wounded.
The ogre hits you with a +0 giant club!!
The ogre attacks as you move away! The ogre hits you with a +0 giant club!
There is an open door here.
Reach: a) +0 trident
Press: ? - help, Dir - move target, f/p - ogre
Aim: an ogre, wielding a +0 giant club (heavily wounded, about 28% to evade your +0 trident)
You reach to attack!
You hit the ogre.
The ogre is severely wounded.
The ogre attacks as you move away! The ogre hits you with a +0 giant club.
* * * LOW HITPOINT WARNING * * *
The ogre attacks as you move away! The ogre hits you with a +0 giant club!
You die...

#.. #.# #.. #.# #.# ##+## #.# #..
##...## #.# #.## .## ##.....##
#.# #.#.###.# ##.).....## ##.##
#†##.#..##
#.........####...######.##.....##
w.........'....O@................
#.........##.......†###........##
##..)....###.##.###.# #.##......#
##.....## #.##.# #.# #.####...)#
##...## #.##.# #.# #.####..>.#
##+## #.##.. #.# #.........#
#.#### #.# #########.# #.# #.#
#.# #.# #.# ##.#


You could see an ogre.

Vanquished Creatures
  Natasha (twice) (D:4)
  3 adders
  A worm (D:3)
  2 dart slugs (D:2)
  3 endoplasms
  5 goblins
  10 hobgoblins
  7 jackals
  2 quokkas (D:1)
  3 ball pythons
  2 bats (D:1)
  2 frilled lizards
  5 kobolds
  6 rats
53 creatures vanquished.

Notes
Turn   | Place    | Note
-------+----------+-------------------------------------------
     0 | D:1      | Foic the Minotaur Fighter began the quest for the Orb.
     0 | D:1      | Reached XP level 1. HP: 19/19 MP: 0/0
   302 | D:1      | Found a faded altar of an unknown god.
   355 | D:1      | Reached XP level 2. HP: 27/27 MP: 1/1
  1000 | D:2      | Reached XP level 3. HP: 31/33 MP: 2/2
  1448 | D:3      | Reached XP level 4. HP: 33/41 MP: 3/3
  1739 | D:3      | Reached skill level 1 in Throwing
  1798 | D:3      | Found a hazy altar of Hepliaklqana.
  2011 | D:4      | Found a staircase to the Ecumenical Temple.
  2025 | Temple   | Entered the Ecumenical Temple
  2371 | Temple   | Became a worshipper of Trog the Wrathful
  2395 | D:4      | Noticed Natasha
  2400 | D:4      | Killed Natasha
  2412 | D:4      | Noticed Natasha
  2418 | D:4      | Killed Natasha
  2472 | D:4      | Noticed an ogre
  2493 | D:4      | Slain by an ogre

Illustrated notes

Levels and vault maps discovered:
D:1:      ncdulo_watergridlock, layout_loops_corners,
          dreamdust_ecumenical_altar_angels_and_demons
D:2:      layout_rooms, minivault_26
D:3:      layout_rooms, lemuel_coloured_pillars_altar
D:4:      layout_loops_corners, minmay_temple_entry_offerings, uniq_menkaure,
          uniq_eustachio, uniq_natasha
Temple:   mainiacjoe_temple_bowtie_tessellation

Skill      XL: |  1  2  3  4 |
---------------+-------------+-----
Shields        | 4 |  4.8
Fighting       | 4 |  4.8
Armour         | 4 |  4.2
Throwing       | 1 |  1.3
Polearms       | 3 |  3.1

Action                     |  1- 3 |  4- 6 || total
---------------------------+-------+-------++-------
  Melee: Trident           |   106 |    33 ||   139
         Headbutt          |    14 |     5 ||    19
  Throw: Stone             |    10 |     9 ||    19
    Use: Potion            |     7 |     1 ||     8
 Armour: Scale mail        |    14 |       ||    14
         Chain mail        |    16 |     8 ||    24
  Dodge: Dodged            |    26 |    10 ||    36
  Block: Buckler           |    16 |     9 ||    25
         Reflection        |     1 |     1 ||     2
